 Dungeon Crawl Stone Soup version 0.26.0-20-g3ca415f5b8 (webtiles) character file.

Game seed: 12247150663529325686

5449 thiole the Covert (level 10, -3/65 HPs)
             Began as an Octopode Hedge Wizard on Jan 24, 2021.
             Was an Initiate of Gozag.
             Slain by a meliai (11 damage)
             ... on level 1 of the Lair of Beasts.
             The game lasted 00:55:38 (16681 turns).

thiole the Covert (Octopode Hedge Wizard)          Turns: 16681, Time: 00:55:39

Health: -3/65      AC:  1    Str: 10      XL:     10   Next: 68%
Magic:  21/21      EV: 17    Int: 19      God:    Gozag
Gold:   1456       SH:  0    Dex: 11 (12) Spells: 16/24 levels left

rFire    + . .     SeeInvis +   a - +0 dagger
rCold    . . .     Faith    .   (no shield)
rNeg     . . .     Spirit   .   b - +0 hat
rPois    +         Reflect  .   (no amulet)
rElec    .         Harm     .   k - ring of stealth
rCorr    .         Rampage  .   m - ring of protection from fire
Will     +....                  r - ring of willpower
Stlth    ++++++....             t - ring of see invisible
HPRegen  0.20/turn              l - ring of poison resistance
MPRegen  0.17/turn              o - +4 ring of evasion
                                (no ring)
                                (no ring)

@: brilliant, attractive, very slightly contaminated, invisible
A: almost no armour, stealthy swim, amphibious, 8 rings, constrict 8, camouflage
1, blurry vision 1, deterioration 1, gelatinous body 1, evolution 1
a: Renounce Religion, Potion Petition, Call Merchant, Bribe Branch


You were on level 1 of the Lair of Beasts.
You worshipped Gozag.
Gozag was most pleased with you.
You visited 4 branches of the dungeon, and saw 15 of its levels.

You collected 1527 gold pieces.
You paid 71 gold pieces to Gozag.

Inventory:

Hand Weapons
 a - a +0 dagger (weapon)
 y - a +4 falchion of electrocution
Armour
 b - a +0 hat (worn)
Jewellery
 i - an uncursed ring of ice
 k - a ring of stealth (left tentacle)
 l - a ring of poison resistance (on tentacle)
 m - a ring of protection from fire (right tentacle)
 o - a +4 ring of evasion (on tentacle)
 r - a ring of willpower (on tentacle)
 t - a ring of see invisible (on tentacle)
Wands
 p - a wand of iceblast (7)
 x - a wand of polymorph (6)
Scrolls
 c - 3 scrolls of random uselessness {unknown}
 f - 3 scrolls of teleportation {unknown}
 j - 2 scrolls of magic mapping {unknown}
 n - 4 scrolls of amnesia
 s - 6 scrolls of remove curse {unknown}
 v - 3 scrolls of fog {unknown}
 A - a scroll of enchant weapon {unknown}
 B - 2 scrolls of noise {unknown}
 C - a scroll of enchant armour {unknown}
Potions
 h - 2 potions of flight


   Skills:
 + Level 4.6 Fighting
 + Level 2.4 Dodging
 + Level 11.1 Stealth
 + Level 7.6 Spellcasting
 - Level 2.7 Conjurations
 * Level 4.4 Summonings
 - Level 1.0 Translocations
 - Level 8.4 Air Magic
 + Level 1.1 Evocations


You had 16 spell levels left.
You knew the following spells:

 Your Spells              Type           Power        Failure   Level
a - Magic Dart            Conj           100%         3%          1
b - Call Imp              Summ           36%          2%          2
c - Apportation           Tloc           32%          6%          1
d - Summon Lightning Spi  Summ/Air       47%          7%          4

Your spell library contained the following spells:

 Spells                   Type           Power        Failure   Level
 Summon Small Mammal      Summ           100%         1%          1
 Call Canine Familiar     Summ           36%          4%          3
 Mephitic Cloud           Conj/Pois/Air  32%          6%          3
 Beastly Appendage        Tmut           20%          10%         1
 Blink                    Tloc           N/A          10%         2
 Summon Guardian Golem    Hex/Summ       23%          12%         3
 Slow                     Hex            10%          14%         2
 Wereblood                Tmut           10%          14%         2
 Conjure Flame            Conj/Fire      18%          16%         3
 Gell's Gravitas          Tloc           8%           19%         3
 Lesser Beckoning         Tloc           8%           19%         3
 Confusing Touch          Hex            10%          28%         3
 Spider Form              Tmut/Pois      5%           28%         3
 Tukima's Dance           Hex            10%          28%         3
 Summon Ice Beast         Ice/Summ       23%          36%         4
 Ice Form                 Ice/Tmut       10%          67%         4
 Petrify                  Tmut/Erth      10%          67%         4
 Alistair's Intoxication  Tmut/Pois      6%           95%         5
 Blade Hands              Tmut           5%           95%         5
 Metabolic Englaciation   Hex/Ice        5%           95%         5
 Yara's Violent Unravell  Hex/Tmut       5%           95%         5
 Invisibility             Hex            10%          100%        6


Dungeon Overview and Level Annotations

Branches:
Dungeon (12/15)            Temple (1/1) D:5            Lair (1/6) D:8
    Orc (1/2) D:10

Altars:
Ashenzari
Cheibriados
Dithmenos
Elyvilon
Fedhas
Gozag
Hepliaklqana
Kikubaaqudgha
Makhleb
Nemelex Xobeh
Okawaru
Qazlal
Ru
Sif Muna
Trog
Uskayaw
Vehumet
Wu Jian
Xom
Yredelemnul
Zin
The Shining One

Shops:
D:6 =   D:9 [   D:10 ?


Innate Abilities, Weirdness & Mutations

You cannot wear most types of armour.
You are very stealthy in the water. (Stealth+)
You are amphibious.
You can wear up to eight rings at the same time.
You can use your tentacles to constrict eight enemies at once.
Your skin changes colour to match your surroundings (Stealth+).
Your rubbery body absorbs attacks. (AC +1, EV +1)
Scrolls take you a little longer to read.
Your body sometimes deteriorates upon taking damage.
You evolve.


Message History

The blink frog hits your crimson imp but does no damage.
The meliai misses you. x2; The blink frog is pulled toward you!
You're too confused to cast spells.
You barely miss the blink frog.
The blink frog croaks.
Your squeeze misses the blink frog.
You feel less invigorated.
You feel less confused. The meliai barely misses you.
The meliai closely misses you.
Your crimson imp hits the meliai.
The blink frog completely misses you. The blink frog misses you.
Your crimson imp hits the blink frog.
The meliai misses your crimson imp. x2
The meliai hits you.
* * * LOW HITPOINT WARNING * * *
The meliai misses you. The blink frog hits your crimson imp.
The blink frog barely misses you.
Your crimson imp hits the meliai but does no damage.
Your crimson imp barely misses the blink frog.
The meliai closely misses you. The meliai stings you!
You die...
Your body crumbles into a pile of gold.

#.#.# #.#.# ## #.#.#
.. #.#.## # #. #....#
.# ##.###...P# ####.#
###........5####....##
...........FFy5......#
#.
.#..[...#.#@###.#####
.. ##.#..###### ###
.##P #.#.)# .....
#.#..# #...##.#..#
#.......# #.#.....#
#......## #......#


You could see 2 blink frogs, a meliai and 2 friendly crimson imps.

Vanquished Creatures
  Harold (D:9)
  Sigmund (D:4)
  Edmund (D:4)
  A water moccasin (D:8)
  An orc warrior (D:10)
  A tengu (D:11)
  A bullfrog (D:8)
  2 scorpions
  3 howler monkeys (D:8)
  A jelly (D:8)
  2 orc priests
  A centaur skeleton (D:8)
  A hound (D:5)
  An orc wizard (D:7)
  4 worker ants
  A howler monkey skeleton (D:4)
  7 adders
  3 ufetubi
  An adder zombie (D:9)
  2 dart slugs
  7 leopard geckos
  15 orcs
  3 ball pythons
  5 giant cockroaches
  6 goblins
  4 hobgoblins
  8 kobolds
  4 quokkas
  8 bats
  4 frilled lizards
  A giant cockroach zombie (D:6)
  A leopard gecko zombie (D:7)
  3 rats
105 creatures vanquished.

Vanquished Creatures (collateral kills)
  A two-headed ogre (D:6)
  An ugly thing (D:9)
  A black mamba (Lair:1)
  A centaur skeleton (D:10)
  A komodo dragon (Lair:1)
  Grinder (D:5)
  A wraith (D:11)
  8 yaks
  Menkaure (D:4)
  3 water moccasins
  An ice beast (D:6)
  4 orc warriors
  A sky beast (D:10)
  4 black bears
  A phantom (D:10)
  2 centaurs
  2 ogres
  A big kobold (D:8)
  8 bullfrogs
  A water moccasin skeleton (D:8)
  2 scorpions
  9 killer bees
  3 howler monkeys (D:8)
  A quasit (D:10)
  3 bullfrog zombies
  5 hounds
  2 jellies
  5 orc priests
  A bullfrog skeleton (D:5)
  5 orc wizards
  4 worker ants
  2 worker ant zombies
  A howler monkey zombie (D:8)
  3 gnolls (D:6)
  4 adders
  A shadow imp (D:5)
  4 white imps
  2 adder skeletons
  2 worms (D:3)
  A leopard gecko (D:5)
  21 orcs
  2 jackals (D:6)
  3 kobolds (D:8)
  A goblin (D:3)
  A leopard gecko zombie (D:5)
132 creatures vanquished.

Vanquished Creatures (others)
  3 yaks (D:6)
  52 fungi
  46 plants (D:8)
101 creatures vanquished.

Grand Total: 338 creatures vanquished

Notes
Turn   | Place    | Note
-------+----------+-------------------------------------------
     0 | D:1      | thiole the Octopode Hedge Wizard began the quest for the
                  | Orb.
     0 | D:1      | Reached XP level 1. HP: 11/11 MP: 4/4
   502 | D:1      | Reached XP level 2. HP: 17/17 MP: 1/6
   633 | D:1      | Reached skill level 3 in Stealth
   969 | D:2      | Learned a level 2 spell: Call Imp
  1030 | D:2      | Reached XP level 3. HP: 21/21 MP: 3/7
  2445 | D:3      | Reached XP level 4. HP: 27/27 MP: 5/8
  2452 | D:3      | Learned a level 3 spell: Mephitic Cloud
  2647 | D:3      | Reached skill level 1 in Air Magic
  3132 | D:3      | Reached XP level 5. HP: 31/31 MP: 7/10
  3342 | D:3      | Reached skill level 4 in Stealth
  3495 | D:3      | Learned a level 4 spell: Summon Lightning Spire
  3904 | D:3      | Found a faded altar of an unknown god.
  4223 | D:4      | Found a shadowy altar of Dithmenos.
  4226 | D:4      | Noticed Sigmund
  4365 | D:4      | Noticed Menkaure
  4399 | D:4      | Noticed Edmund
  4699 | D:4      | Reached XP level 6. HP: 26/36 MP: 1/11
  4861 | D:4      | Killed Edmund
  6053 | D:4      | Killed Sigmund
  6054 | D:4      | Reached skill level 5 in Stealth
  6054 | D:4      | Reached XP level 7. HP: 6/41 MP: 11/13
  6346 | D:4      | Killed Menkaure
  6651 | D:5      | Entered Level 5 of the Dungeon
  6782 | D:5      | Noticed Grinder
  7297 | D:5      | Killed Grinder
  7388 | D:5      | Reached skill level 6 in Stealth
  7578 | D:5      | Reached XP level 8. HP: 46/46 MP: 9/14
  7947 | D:5      | Found a staircase to the Ecumenical Temple.
  7955 | Temple   | Entered the Ecumenical Temple
  7961 | Temple   | Became a worshipper of Gozag Ym Sagoz the Greedy
  8164 | D:6      | Reached skill level 5 in Air Magic
  8582 | D:7      | Reached skill level 7 in Stealth
  8582 | D:7      | Reached skill level 5 in Spellcasting
  9548 | D:8      | Reached skill level 8 in Stealth
  9850 | D:9      | Found a sparkling altar of Nemelex Xobeh.
 10001 | D:9      | Found Imipp's Armour Boutique.
 10001 | D:9      | You fall into a shaft and drop 3 floors!
 10076 | D:10     | Entered Level 10 of the Dungeon
 10278 | D:9      | Noticed Harold
 10323 | D:9      | Killed Harold
 10324 | D:9      | Reached skill level 1 in Fighting
 10324 | D:9      | Reached skill level 9 in Stealth
 10324 | D:9      | Reached XP level 9. HP: 43/54 MP: 7/18
 10464 | D:9      | Found a blossoming altar of Fedhas.
 10659 | D:9      | Noticed a white ugly thing
 11334 | D:8      | Found a staircase to the Lair.
 11891 | D:6      | Noticed a two-headed ogre
 11909 | D:6      | Killed a two-headed ogre
 11910 | D:6      | Reached skill level 10 in Stealth
 11952 | D:6      | Reached XP level 10. HP: 42/63 MP: 3/20
 12760 | D:6      | Found Exiaceni's Jewellery Shoppe.
 13002 | D:9      | Found an iron altar of Okawaru.
 13004 | D:9      | Found a glowing golden altar of the Shining One.
 13141 | D:10     | Found Kaerotax's Magic Scroll Boutique.
 13158 | D:10     | Learned a level 1 spell: Apportation
 13517 | D:10     | Found a sacrificial altar of Ru.
 13716 | D:10     | Found a staircase to the Orcish Mines.
 14766 | D:11     | Gained mutation: You passively map a small area around you.
                  | [potion of mutation]
 14766 | D:11     | Gained mutation: You passively map the area around you.
                  | [potion of mutation]
 14767 | D:11     | Gained mutation: Your system is resistant to poisons.
                  | (rPois) [potion of mutation]
 14768 | D:11     | Lost mutation: You passively map the area around you.
                  | [potion of mutation]
 14768 | D:11     | Lost mutation: You passively map a small area around you.
                  | [potion of mutation]
 14768 | D:11     | Lost mutation: Your system is resistant to poisons. (rPois)
                  | [potion of mutation]
 14768 | D:11     | Gained mutation: Your body sometimes deteriorates upon
                  | taking damage. [potion of mutation]
 14768 | D:11     | Gained mutation: You evolve. [potion of mutation]
 15406 | D:10     | Gained mutation: Scrolls take you a little longer to read.
                  | [evolution]
 15550 | D:9      | HP: 3/65 [white ugly thing (26)]
 15550 | D:9      | Killed a white ugly thing
 16379 | D:11     | Reached skill level 11 in Stealth
 16382 | D:11     | Noticed a two-headed ogre
 16532 | Orc:1    | Entered Level 1 of the Orcish Mines
 16605 | Lair:1   | Entered Level 1 of the Lair of Beasts
 16619 | Lair:1   | Noticed a black mamba
 16634 | Lair:1   | Killed a black mamba
 16635 | Lair:1   | Reached skill level 1 in Evocations
 16681 | Lair:1   | Slain by a meliai

Illustrated notes

Levels and vault maps discovered:
D:1:      psy_arrival_spokes, layout_basic
D:2:      layout_basic, hangedman_decor_diamond_cutter, minmay_pentomino_s2
D:3:      layout_rooms, serial_co_window_serial, co_window_paths_a,
          co_window_paths_a, co_window_of_opportunity_a,
          co_window_of_opportunity_a, co_window_paths_a, co_window_cross_1,
          co_window_paths_b, co_window_of_opportunity_c, co_window_corner_ca,
          co_window_corner_b, co_window_cross_2, co_window_cross_4,
          co_window_2corner, glass_columns_a, glass_columns_b, glass_columns_b,
          glass_columns_a, chequers_ecumenical_altar_simple_redux,
          minmay_circle_x
D:4:      layout_layer_cave, grunt_dithmenos_smoke, uniq_menkaure, uniq_edmund,
          uniq_sigmund
D:5:      layout_rooms, minmay_temple_entry_statues_pillars, uniq_grinder
D:6:      layout_gridville, serial_shops, nicolae_shop_crystal,
          ebering_dispersal_statue_hall
D:7:      layout_rooms, serial_corexii_hall, chequers_hall_statues_corner_a,
          chequers_hall_statues_wall_a, chequers_serial_rivers_micro_d
D:8:      layout_rooms, due_lair_maze_entry_diamond
D:9:      layout_long_grid, nicolae_overflow_hidden_temple,
          grunt_temple_overflow_open, serial_shops, shop, uniq_harold
D:10:     layout_loops_ring, orc_0_dummy, serial_shops, nicolae_shop_trees,
          grunt_ministairs_9, hangedman_ru_absence
D:11:     minmay_bloctagon, layout_basic, serial_curves, eino_curves_03,
          eino_curves_04, gammafunk_ghost_hydra_chop, uniq_psyche
D:12:     layout_roguey, ebering_ghost_rock_garden, minmay_stone_trees_medium
Temple:   nicolae_temple_no_exploring_needed
Lair:1:   layout_loops_ring, gauntlet_entry_generic, grunt_megastairs_3
Orc:1:    nicolae_orc_accident_2, layout_caves, serial_shops,
          nicolae_shop_statue_plus, ebering_ghost_xom

Skill      XL: |  1  2  3  4  5  6  7  8  9 10 |
---------------+-------------------------------+-----
Stealth        | 3 4 5 6 9 10 11 | 11.1
Conjurations   | 2 |  2.7
Summonings     | 2 3 4 |  4.4
Air Magic      | 1 2 3 4 5 7 8 |  8.4
Spellcasting   | 4 6 7 |  7.6
Fighting       | 1 3 4 |  4.6
Evocations     | 1 |  1.1
Dodging        | |  2.4
Translocations | |  1.0

Action                   |  1- 3 |  4- 6 |  7- 9 | 10-12 || total
-------------------------+-------+-------+-------+-------++-------
Melee: Dagger            |    18 |    28 |   110 |    92 ||   248
       Constrict         |     6 |     8 |    30 |    12 ||    56
       Tentacles         |     2 |     8 |    28 |     9 ||    47
 Cast: Magic Dart        |    89 |   106 |    67 |    23 ||   285
       Call Imp          |       |    26 |     5 |    20 ||    51
       Summon Lightning  |       |       |    60 |    46 ||   106
Evoke: Wand              |       |       |     2 |     6 ||     8
  Use: Scroll            |       |     7 |     3 |     6 ||    16
       Potion            |       |       |     8 |    16 ||    24
 Stab: Distracted        |       |     1 |     3 |     3 ||     7
Armor: Skin              |     2 |     1 |     4 |    37 ||    44
Dodge: Dodged            |    24 |    32 |    92 |   126 ||   274
